 Dungeon Crawl Stone Soup version 0.28.0 (webtiles) character file.

Game seed: 10578167866061881828

114 styxcanada the Sneak (level 4, -1/23 HPs)
             Began as a Spriggan Brigand on Feb 10, 2022.
             Slain by Grinder (7 damage)
             ... on level 3 of the Dungeon.
             The game lasted 00:07:55 (2985 turns).

styxcanada the Sneak (Spriggan Brigand)             Turns: 2985, Time: 00:07:55

Health: -1/23      AC:  3    Str:  7    XL:     4   Next: 67%
Magic:  6/6        EV: 17    Int: 12    God:
Gold:   148        SH:  0    Dex: 18    Spells: 3/5 levels left

rFire   . . .      SeeInvis +   i - +0 dagger (venom)
rCold   . . .      Faith    .   (no shield)
rNeg    . . .      Spirit   .   b - +0 robe
rPois   .          Reflect  .   (helmet restricted)
rElec   .          Harm     .   c - +0 cloak
rCorr   .          Rampage  .   (gloves unavailable)
Will    .....                   (boots unavailable)
Stlth   ++++......              (no amulet)
HPRegen 0.07/turn               (no ring)
MPRegen 0.10/turn               (no ring)

@: invisible, very quick
A: very small, no large weapons, unfitting armour, see invisible, speed 3
a: no special abilities


You were on level 3 of the Dungeon.
You visited 1 branch of the dungeon, and saw 3 of its levels.

You collected 226 gold pieces.
You spent 78 gold pieces at shops.

Inventory:

Hand Weapons
 a - a +2 dagger
 i - a +0 dagger of venom (weapon)
 o - a +2 dagger of speed
 p - a +0 hunting sling
Missiles
 d - a poisoned dart (quivered)
 e - 2 curare-tipped darts
 f - 27 sling bullets
 g - 103 stones
 k - a throwing net
 q - 5 boomerangs
Armour
 b - a +0 robe (worn)
 c - a +0 cloak (worn)
Scrolls
 m - a scroll of magic mapping
 n - a scroll of fear {unknown}
Potions
 h - a potion of resistance {unknown}
 l - a potion of flight {unknown}


   Skills:
 * Level 1.9 Fighting
 + Level 2.6 Short Blades
 + Level 2.4 Throwing
 * Level 2.4 Dodging
 * Level 7.5 Stealth
 * Level 1.0 Spellcasting
 * Level 0.8 Hexes
 * Level 0.3 Ice Magic


You had 3 spell levels left.
You knew the following spells:

 Your Spells              Type           Power      Damage    Failure   Level
a - Ensorcelled Hibernat  Hex/Ice        4%         N/A       34%         2

Your spell library contained the following spells:

 Spells                   Type           Power      Damage    Failure   Level
 Passwall                 Tmut/Erth      0%         N/A       41%         2
 Swiftness                Air            0%         N/A       65%         3


Dungeon Overview and Level Annotations

Branches:
Dungeon (3/15)

Altars:

Shops:
D:2 *

Annotations:
D:3 Grinder


Innate Abilities, Weirdness & Mutations

You are very small and have problems with some larger weapons.
You are too small for most types of armour.
You have supernaturally acute eyesight. (SInv)
You cover ground extremely quickly. (Speed+++)


Message History

Press: ? - help, Q - select action, (/) - cycle Shift-Dir - straight line, f/p - Grinder
Aim: Grinder (58% to hit)
You throw a poisoned dart.
The poisoned dart closely misses Grinder.
You hit Grinder but do no damage. Grinder hits you.
You writhe in agony.
* * * LOW HITPOINT WARNING * * *
You fade into invisibility!
Grinder barely misses you.
You hit Grinder but do no damage. Grinder barely misses you.
You catch the helpless Grinder completely off-guard!
You puncture Grinder!
Grinder is heavily wounded.
Grinder blinks!
Grinder hits you.
* * * LOW HITPOINT WARNING * * *
You hit Grinder but do no damage.
Grinder is heavily wounded.
Grinder gestures at you.
You struggle to resist.
Unknown command.
You hit Grinder but do no damage.
Grinder is heavily wounded.
Grinder misses you.
You hit Grinder but do no damage.
Grinder is heavily wounded.
Grinder gestures at you.
You suddenly lose the ability to move!
Grinder blinks!
You can move again.
You catch the helpless Grinder completely off-guard!
You impale Grinder!!
Grinder is almost dead.
You hit Grinder.
Grinder is almost dead.
You hit Grinder.
Grinder is poisoned.
Grinder is almost dead.
You hit Grinder but do no damage.
Grinder is almost dead.
Grinder hits you!
You die...

### ..# #.#
#.# #.# #
##.##
#.#.##...##
#......@..#
#...##5..)#
..(..((...#
##.###...#
#.###...#
........#
........####
#.#####.....#
#.# #.###.#


You could see Grinder (very poisoned).

Vanquished Creatures
  An orc priest (D:3)
  An orc wizard (D:3)
  A gnoll (D:1)
  A worm (D:2)
  An orc (D:3)
  3 ball pythons
  4 endoplasms (D:1)
  10 goblins
  4 hobgoblins
  4 jackals (D:1)
  7 kobolds
  A quokka (D:2)
  4 frilled lizards
  A rat (D:1)
43 creatures vanquished.

Notes
Turn   | Place    | Note
-------+----------+-------------------------------------------
     0 | D:1      | styxcanada the Spriggan Brigand began the quest for the
                  | Orb.
     0 | D:1      | Reached XP level 1. HP: 10/10 MP: 2/2
    21 | D:1      | Reached skill level 6 in Stealth
   111 | D:1      | Reached XP level 2. HP: 15/15 MP: 3/3
   607 | D:1      | Reached XP level 3. HP: 12/18 MP: 4/4
   773 | D:1      | Found a faded altar of an unknown god.
   962 | D:2      | Found Koppora's Assorted Antiques.
   967 | D:2      | Reached skill level 7 in Stealth
   984 | D:2      | Bought a white potion for 25 gold pieces
   984 | D:2      | Bought a scroll labelled BAIGER RIERCHA for 28 gold pieces
   984 | D:2      | Bought a viscous white potion for 25 gold pieces
  2158 | D:2      | Learned a level 2 spell: Ensorcelled Hibernation
  2359 | D:3      | Reached XP level 4. HP: 10/23 MP: 5/5
  2824 | D:3      | Reached skill level 1 in Spellcasting
  2962 | D:3      | Noticed Grinder
  2979 | D:3      | Paralysed by Grinder for 2 turns
  2985 | D:3      | Slain by Grinder

Illustrated notes

Levels and vault maps discovered:
D:1:      lemuel_arrival_rhombus, layout_basic, ebering_ecumenical_altar_ruins
D:2:      layout_loops_ring, serial_shops, shop_coins,
          minmay_misc_feat_nine_boxes, kennysheep_generic_room_9
D:3:      layout_loops_ring, uniq_grinder

Skill      XL: |  1  2  3  4 |
---------------+-------------+-----
Stealth        | 6 7 |  7.5
Dodging        | 2 |  2.4
Spellcasting   | 1 |  1.0
Fighting       | |  1.9
Short Blades   | |  2.6
Throwing       | |  2.4
Hexes          | |  0.8
Ice Magic      | |  0.3

Action                   |  1- 3 |  4- 6 || total
-------------------------+-------+-------++-------
Melee: Dagger            |    76 |    32 ||   108
Throw: Dart              |    19 |    13 ||    32
  Use: Scroll            |     5 |       ||     5
       Potion            |       |     1 ||     1
 Stab: Sleeping          |     9 |     2 ||    11
       Invisible         |       |     2 ||     2
Armor: Robe              |    12 |     1 ||    13
Dodge: Dodged            |    40 |    13 ||    53
